 Dungeon Crawl Stone Soup version 0.23-a0-635-g88ca12a (webtiles) character file.

9647 zishaf the Grappler (level 11, 0/141 HPs)
             Began as a Troll Hunter on Dec 28, 2018.
             Was an Elder of Hepliaklqana.
             Slain by a swamp worm (10 damage)
             ... in a Gauntlet.
             The game lasted 00:19:04 (9118 turns).

zishaf the Grappler (Troll Hunter)                  Turns: 9118, Time: 00:19:05

Health: 0/141      AC:  7    Str: 27    XL:     11   Next: 25%
Magic:  12/13      EV: 12    Int:  7    God:    Hepliaklqana [****..]
Gold:   289        SH: 11    Dex: 13    Spells: 10/10 levels left

rFire    + . .     SeeInvis +     - Unarmed
rCold    . . .     Gourm    +   g - +0 shield
rNeg     + . .     Faith    .   o - +2 robe {Archmagi}
rPois    .         Spirit   .   (helmet restricted)
rElec    .         Reflect  .   (no cloak)
rCorr    .         Harm     .   (gloves unavailable)
MR       +++..     Clarity  +   (boots unavailable) Stlth ..........NoTele +
                                y - amulet of the Four Winds {rN+ MR+++ Clar}
HPRegen  0.73/turn              i - ring of protection from fire
MPRegen  0.13/turn              J - ring of see invisible

@: berserking, very quick
A: large, unfitting armour, reduced essence, claws 3, fast metabolism 3,
gourmand, regeneration 1, shaggy fur 1, tough skin 2
a: Recall Ancestor, Ancestor Identity, Transference, Idealise, Renounce Religion


You were in a Gauntlet.
You worshipped Hepliaklqana.
Hepliaklqana was greatly pleased with you.
You were full.

You visited 1 branch of the dungeon, and saw 11 of its levels.
You also visited: Sewer and Gauntlet.

You collected 425 gold pieces.
You spent 136 gold pieces at shops.

Inventory:

Hand Weapons
 a - a +0 blowgun
Missiles
 c - 11 large rocks
 d - 4 throwing nets {!f}
 e - 15 tomahawks (quivered)
 s - 98 poisoned needles
 w - 4 tomahawks of returning
 x - 3 needles of paralysis
 A - 331 stones
 C - 3 javelins
Armour
 g - a +0 shield (worn)
 o - a +2 robe of the Archmagi (worn)
Jewellery
 i - a ring of protection from fire (left claw)
 y - the amulet of the Four Winds (around neck) {rN+ MR+++ Clar}
   (You found it on level 4 of the Dungeon)

   [amulet of nothing]

   It protects you from negative energy.
   It affects your resistance to hostile enchantments.
   It protects you against confusion.
 B - an uncursed amulet of faith {unknown}
 F - an uncursed ring of wizardry
 G - an uncursed ring of resist corrosion
 J - a ring of see invisible (right claw)
Wands
 z - a wand of paralysis (4)
 E - a wand of scattershot (7)
 H - a wand of acid (11)
 K - a wand of random effects (60)
Scrolls
 b - 2 scrolls of fog
 h - 6 scrolls of fear
 k - 3 scrolls of teleportation
 t - 6 scrolls of remove curse
 D - 2 scrolls of enchant armour
 I - a scroll of torment
 N - a scroll of identify
Potions
 j - 4 potions of brilliance
 l - 3 potions of flight
 m - 12 potions of heal wounds
 p - a potion of invisibility
 q - a potion of ambrosia
 r - 3 potions of resistance
 u - 9 potions of curing
 v - 3 potions of lignification
 M - a potion of mutation
Miscellaneous
 L - a phantom mirror
Comestibles
 f - 20 rations


   Skills:
 + Level 6.3 Fighting
 - Level 7.4 Throwing
 + Level 6.2 Dodging
 - Level 0.3 Stealth
 * Level 7.0 Shields
 + Level 8.3 Unarmed Combat
 + Level 4.0 Invocations


You had 10 spell levels left.
You didn't know any spells.
Your spell library contained the following spells:

 Spells                   Type           Power        Failure   Level  Hunger
 Animate Skeleton         Necr           N/A          56%         1    ##.....
 Apportation              Tloc           #.....       56%         1    ##.....
 Confusing Touch          Hex            #.....       56%         1    ##.....
 Summon Small Mammal      Summ           #...         56%         1    ##.....


Dungeon Overview and Level Annotations

Branches:
Dungeon (11/15)            Temple (0/1) D:4            Lair (0/6) D:11
    Orc: D:9-12

Altars:
Ashenzari
Cheibriados
Hepliaklqana
Ru
Sif Muna
Xom

Shops:
D:5 [   D:8 (   D:10 ?

Annotations:
Gauntlet 11 transporters, exclusions: 2 lightning spires and obsidian statue


Innate Abilities, Weirdness & Mutations

You are too large for most types of armour.
You have claws for hands.
Your metabolism is lightning-fast.
You like to eat raw meat.
Your natural rate of healing is unusually fast.
You are covered in fur. (AC +1)
You have very tough skin. (AC +2)
Your life essence is reduced to manifest your ancestor. (-10% HP)


Message History

You block the tyrant leech's attack. The swamp worm bites you!
* * * LOW HITPOINT WARNING * * *
You miss the tyrant leech.
The tyrant leech is almost dead.
You block the swamp worm's attack.
You miss the tyrant leech.
The tyrant leech is almost dead.
You block the swamp worm's attack. You block the tyrant leech's attack.
The swamp worm bites you!!
* * * LOW HITPOINT WARNING * * *
You mangle the tyrant leech!!
You kill the tyrant leech!
Your Shields skill increases to level 7!
Your Invocations skill increases to level 4!
The swamp worm bites you!
* * * LOW HITPOINT WARNING * * *
You scratch the swamp worm.
The swamp worm is heavily wounded.
You block the swamp worm's attack. The swamp worm bites you!
You die...

..........#≈#≈#≈#≈#§#≈#≈##
∩..8..∩.................≈#
...©......8.....8.....8.##
#########.......©.......≈#
.......Z#...#########...##
..###..Z#...#w....###...≈#
...#...k#...#.###.###...##
#.©#..#Z#...#.##.w#.#...≈#
#######.#.8.#...@w..#.8.##
#..#..#.#...#.#..##.#...≈#
...#....#...###=###.#..§##
..#.#...#...###[©.:w#..§≈#
ZZ|©)...#...#########..§##
#########.....#.©.#....§§#
.#.©.#....8...#.8.#...8§##
.#...#........#.©.#......##
.#.©.#.....###########...≈#


You could see 2 swamp worms.

Vanquished Creatures
  A manticore (D:11)
  Joseph (D:7)
  2 trolls
  A tyrant leech (Gauntlet)
  2 hippogriffs
  A wyvern (D:10)
  8 yaks
  A human (D:7)
  A hungry ghost (D:9)
  A hog (D:7)
  2 swamp worms (Gauntlet)
  A sky beast (D:7)
  An orc warrior (D:6)
  4 ice beasts
  A hornet zombie (D:11)
  An eye of draining (D:9)
  2 ogres
  3 phantoms
  3 wolves (D:9)
  5 centaurs
  A big kobold (Sewer)
  4 bullfrogs
  A scorpion (D:5)
  4 wights (D:8)
  4 howler monkeys
  A crimson imp (D:5)
  A bullfrog zombie (D:11)
  A quasit (D:5)
  A hound (D:6)
  An orc priest (D:4)
  A centaur skeleton (D:8)
  3 orc wizards
  2 bullfrog skeletons (D:11)
  Jessica (D:2)
  4 iguanas
  5 worker ants
  A hound zombie (D:7)
  13 gnolls
  13 adders
  A shadow imp (D:6)
  2 oozes (Sewer)
  An adder skeleton (D:4)
  3 worms
  3 dart slugs
  4 leopard geckos
  19 orcs
  2 ball pythons
  5 giant cockroaches
  4 goblins
  9 hobgoblins
  9 jackals
  18 kobolds
  4 quokkas
  6 bats
  2 frilled lizards
  A leopard gecko skeleton (D:5)
  A quokka skeleton (D:5)
  6 rats
204 creatures vanquished.

Vanquished Creatures (collateral kills)
  A centaur skeleton (D:10)
  8 yaks
  A hog (D:7)
  Grum (D:9)
  An ice beast (D:5)
  An ogre (D:9)
  A necrophage (D:11)
  A centaur (D:8)
  2 big kobolds (Sewer)
  2 bullfrogs
  A wyvern zombie (D:7)
  A killer bee (D:11)
  A wight (D:8)
  A crimson imp (D:9)
  A hound (D:4)
  A jelly (D:10)
  3 orc wizards
  An iguana (D:10)
  A worker ant (D:7)
  A hound zombie (D:5)
  A hound skeleton (D:5)
  2 gnolls (D:4)
  2 oozes
  3 leopard geckos
  10 orcs
  A bat (Sewer)
  2 giant cockroaches (D:4)
  A jackal (D:10)
  3 kobolds (Sewer)
  2 frilled lizards (Sewer)
  A quokka skeleton (D:5)
59 creatures vanquished.

Vanquished Creatures (others)
  4 hexers
4 creatures vanquished.

Grand Total: 267 creatures vanquished

Notes
Turn   | Place    | Note
-------+----------+-------------------------------------------
     0 | D:1      | zishaf the Troll Hunter began the quest for the Orb.
     0 | D:1      | Reached XP level 1. HP: 19/19 MP: 0/0
   162 | D:1      | Reached XP level 2. HP: 25/28 MP: 1/1
   226 | D:1      | Reached skill level 1 in Unarmed Combat
   454 | D:2      | Reached XP level 3. HP: 30/35 MP: 2/2
   551 | D:2      | Found a sacrificial altar of Ru.
   755 | D:2      | Found a hazy altar of Hepliaklqana.
   792 | D:2      | Became a worshipper of Hepliaklqana the Forgotten
   880 | D:2      | Noticed Jessica
   888 | D:2      | Killed Jessica
   888 | D:2      | Reached skill level 2 in Unarmed Combat
   888 | D:2      | Reached XP level 4. HP: 29/37 MP: 3/3
  1136 | D:3      | Reached XP level 5. HP: 41/44 MP: 4/4
  1598 | D:4      | Found a staircase to the Ecumenical Temple.
  1666 | D:4      | Reached skill level 3 in Unarmed Combat
  1670 | D:4      | Reached * piety under Hepliaklqana
  1744 | D:4      | Reached XP level 6. HP: 25/53 MP: 5/5
  1754 | D:4      | Reached skill level 5 in Throwing
  1777 | D:4      | Found the amulet of the Four Winds {rN+ MR+++ Clar}
  1855 | D:4      | Found a shimmering altar of Xom.
  1859 | D:4      | Found a sacrificial altar of Ru.
  1859 | D:4      | Found a snail-covered altar of Cheibriados.
  1864 | D:4      | Found a deep blue altar of Sif Muna.
  1920 | D:4      | Found a glowing drain.
  1924 | Sewer    | Entered a sewer
  2001 | Sewer    | Reached skill level 4 in Unarmed Combat
  2026 | Sewer    | Reached XP level 7. HP: 56/59 MP: 6/6
  2537 | D:5      | Entered Level 5 of the Dungeon
  2561 | D:5      | Reached skill level 5 in Unarmed Combat
  2686 | D:5      | Reached XP level 8. HP: 49/67 MP: 7/7
  2820 | D:5      | Got a fine spear
  2877 | D:5      | Found Ivaki's Armour Shoppe.
  2885 | D:5      | Bought a +0 shield for 58 gold pieces
  3221 | D:5      | Reached skill level 1 in Shields
  3394 | D:5      | Reached ** piety under Hepliaklqana
  3395 | D:5      | Remembered your ancestor Jaydra as a hexer
  3463 | D:6      | Reached skill level 6 in Unarmed Combat
  3556 | D:6      | Found a shattered altar of Ashenzari.
  4172 | D:7      | Noticed a hippogriff
  4183 | D:7      | Killed a hippogriff
  4307 | D:7      | Noticed Joseph
  4325 | D:7      | Killed Joseph
  4325 | D:7      | Reached XP level 9. HP: 28/75 MP: 8/8
  5195 | D:7      | Reached *** piety under Hepliaklqana
  5493 | D:8      | Reached skill level 5 in Fighting
  5494 | D:8      | Reached skill level 7 in Unarmed Combat
  5517 | D:8      | Reached skill level 1 in Invocations
  5660 | D:8      | Found Qufat's Weapon Emporium.
  5794 | D:8      | Reached skill level 5 in Dodging
  5852 | D:8      | Reached XP level 10. HP: 86/86 MP: 9/9
  6286 | D:9      | Reached skill level 5 in Shields
  6585 | D:9      | Noticed Grum
  6619 | D:9      | Killed Grum
  6739 | D:9      | Reached **** piety under Hepliaklqana
  6960 | D:10     | Entered Level 10 of the Dungeon
  7733 | D:10     | Reached skill level 8 in Unarmed Combat
  7870 | D:10     | Noticed a gargoyle
  8242 | D:10     | Found Potism's Magic Scroll Shop.
  8245 | D:10     | Bought 3 scrolls of identify for 78 gold pieces
  8474 | D:11     | Found a staircase to the Lair.
  8518 | D:11     | Reached XP level 11. HP: 73/94 MP: 12/12
  8692 | D:11     | Found a gate leading to a gauntlet.
  8845 | Gauntlet | Entered a Gauntlet
  8845 | Gauntlet | Found a transporter.
  8848 | Gauntlet | Found a transporter.
  8849 | Gauntlet | Found a transporter.
  8849 | Gauntlet | Noticed a death drake
  8850 | Gauntlet | Found a transporter.
  8855 | Gauntlet | Found a transporter.
  8911 | Gauntlet | Found a transporter.
  8913 | Gauntlet | Found a transporter.
  8916 | Gauntlet | Found a transporter.
  8917 | Gauntlet | Found a transporter.
  8926 | Gauntlet | Found a transporter.
  8944 | Gauntlet | Found a transporter.
  8944 | Gauntlet | Noticed a death drake
  9010 | Gauntlet | Found a transporter.
  9010 | Gauntlet | Noticed an obsidian statue
  9118 | Gauntlet | Slain by a swamp worm

Vault maps used:
D:1:      zaba_arrival_water
D:2:      overflow_temple_1_default, first_ration, hangedman_ru_absence,
          uniq_jessica
D:4:      minitemple, minmay_temple_entry_statues_pillars, gup_sewer_entry_bowl
D:5:      serial_shops, nicolae_shop_statue_plus
D:6:      ashenzari_conservatory_becter
D:7:      grunt_livestock, uniq_joseph
D:8:      serial_shops, nicolae_shop_crystal, hangedman_decor_growths
D:9:      kennysheep_another_room, uniq_grum
D:10:     serial_glass, glass_columns_a, glass_columns_a, glass_columns_c,
          glass_columns_c, glass_columns_a, glass_columns_b, item_on_display_a,
          serial_shops, kennysheep_mini, lightli_corner_chamber
D:11:     minmay_the_grid_3x3, lair_entry_dummy, gauntlet_entry_generic,
          chequers_serial_rivers_room_a
Sewer:    kennysheep_pipe_town
Gauntlet: minmay_gauntlet_mixed_oops_all_seconds

Skill      XL: |  1  2  3  4  5  6  7  8  9 10 11 |
---------------+----------------------------------+-----
Unarmed Combat | 1 2 3 4 5 6 7 8 |  8.3
Throwing       | 4 5 6 7 |  7.4
Fighting       | 2 3 4 5 6 |  6.3
Dodging        | 2 3 4 5 6 |  6.2
Shields        | 2 4 6 7 |  7.0
Invocations    | 1 3 4 |  4.0
Stealth        | |  0.3

Action                   |  1- 3 |  4- 6 |  7- 9 | 10-12 || total
-------------------------+-------+-------+-------+-------++-------
Melee: Unarmed           |    96 |   136 |   304 |   295 ||   831
       Punch             |       |     2 |     2 |       ||     4
 Fire: Blowgun           |       |       |     1 |       ||     1
Throw: Tomahawk          |       |       |    28 |     7 ||    35
Invok: Recall Ancestor   |       |     1 |     1 |     1 ||     3
       Ancestor Identity |       |     1 |     1 |       ||     2
       Ancestor Life: He |       |       |     1 |       ||     1
  Use: Scroll            |       |     7 |     5 |     8 ||    20
       Potion            |       |       |       |     1 ||     1
 Stab: Sleeping          |     1 |     2 |     4 |       ||     7
       Distracted        |       |     1 |     3 |     5 ||     9
       Confused          |       |       |     4 |     2 ||     6
  Eat: Chunk             |    14 |    10 |    36 |    35 ||    95
Armor: Robe              |    43 |    64 |   106 |    41 ||   254
Dodge: Dodged            |    44 |    75 |   135 |   103 ||   357
Block: Shield            |       |       |    77 |   146 ||   223

Table legend:
 A = Non-vault XP
 B = Vault XP
 C = Vault XP percentage of total XP
 D = Non-vault monster count
 E = Vault monster count
 F = Vault count percentage of total count
                 A         B        C        D         E       F
            +---------+---------+-------+---------+---------+-------
      Total |    9709 |    4073 |  29.6 |     210 |      53 |  20.2
            +---------+---------+-------+---------+---------+-------
        D:1 |      30 |       0 |   0.0 |      17 |       0 |   0.0
        D:2 |      71 |      37 |  34.3 |      17 |       1 |   5.6
        D:3 |     182 |       0 |   0.0 |      30 |       0 |   0.0
        D:4 |     424 |      12 |   2.8 |      20 |       4 |  16.7
        D:5 |    1075 |       0 |   0.0 |      23 |       0 |   0.0
        D:6 |     303 |       0 |   0.0 |      20 |       0 |   0.0
        D:7 |     708 |    1408 |  66.5 |       7 |       6 |  46.2
        D:8 |     975 |       0 |   0.0 |      16 |       0 |   0.0
        D:9 |    1345 |     497 |  27.0 |      22 |       4 |  15.4
       D:10 |    3517 |       0 |   0.0 |      31 |       0 |   0.0
       D:11 |    1079 |    1160 |  51.8 |       7 |      11 |  61.1
      Sewer |       0 |     341 | 100.0 |       0 |      24 | 100.0
   Gauntlet |       0 |     618 | 100.0 |       0 |       3 | 100.0
            +---------+---------+-------+---------+---------+-------
